 Dungeon Crawl Stone Soup version 0.32-a0-685-g93135e86f0 (webtiles) character file.

Game seed: 11825795084730417734

116 Griffin23 the Slasher (level 4, -3/40 HPs)
             Began as a Minotaur Berserker on Mar 12, 2024.
             Was a Believer of Trog.
             Killed by nerve-wracking pain
             ... invoked by an orc priest
              (13 damage)
             ... on level 3 of the Dungeon.
             The game lasted 00:06:09 (2759 turns).

Griffin23 the Slasher (Minotaur Berserker)          Turns: 2759, Time: 00:06:09

Health: -3/40      AC: 10    Str: 21 (23) XL:     4   Next: 69%
Magic:  3/3        EV:  8    Int:  1 (4)  God:    Trog [**....]
Gold:   139        SH:  0    Dex:  7 (10) Spells: 3/3 levels left

rFire   . . .        a - +0 falchion
rCold   . . .        (no shield)
rNeg    . . .        d - +0 chain mail
rPois   .            (helmet unavailable)
rElec   .            (no cloak)
rCorr   .            (no gloves)
SInv    .            (no boots)
Will    .....        (no amulet) Stlth
                     (no ring)
HPRegen 0.26/turn    (no ring)
MPRegen 0.08/turn

%: no passive effects
@: no status effects
A: horns 3, retaliatory headbutt, hooves 1, shaggy fur 1
a: Renounce Religion, Berserk, Trog's Hand


You were on level 3 of the Dungeon.
You worshipped Trog.
Trog was pleased with you.
You visited 1 branch of the dungeon, and saw 4 of its levels.

You collected 139 gold pieces.

Inventory:

Hand Weapons
 a - a +0 falchion (weapon)
Armour
 b - a +0 animal skin
 d - a +0 chain mail (worn)
Scrolls
 e - a scroll of teleportation (quivered)
 f - a scroll of fog
 g - a scroll of revelation {unknown}
 i - a scroll of noise {unknown}
Potions
 c - 2 potions of might {unknown}


   Skills:
 - Level 3.9 Fighting
 + Level 4.8 Long Blades
 - Level 2.9 Armour
 * Level 3.5 Dodging
 * Level 1.0 Stealth
 * Level 1.1 Unarmed Combat


You had 3 spell levels left.
You didn't know any spells.
Your spell library was empty.

Dungeon Overview and Level Annotations

Branches:
Dungeon (4/15)
 Temple: D:4-7

Altars:
Cheibriados
Kikubaaqudgha
Makhleb

Shops:
D:2 :


Innate Abilities, Weirdness & Mutations

You have a pair of large horns on your head.
You reflexively headbutt those who attack you in melee.
You have large cloven feet.
You are covered in fur. (AC +1)


Message History

In your confused state, you trip and fall back down the stairs.
The hobgoblin hits you but does no damage.
Something hits you.
The orc priest looks satisfied for a moment.
The orc wizard hits you but does no damage.
You feel less confused.
The orc wizard points at you and mumbles some strange words.
You are confused.
The hobgoblin closely misses you. The orc priest barely misses you.
Something hits you.
You are electrocuted!
You climb upwards.
Reactivating autopickup.
There is a stone staircase leading down, spattered with blood here.
You are too injured to fight recklessly!
You are too injured to fight recklessly!
You hit the orc priest but do no damage.
Your kick misses the orc priest. The orc wizard barely misses you.
The hobgoblin misses you.
The orc priest hits you but does no damage.
You hear some strange, mumbled words.
A puff of flame appears from out of thin air!
Deactivating autopickup; reactivate with Ctrl-A.
The puff of flame hits you.
You are too confused!
You closely miss the hobgoblin. Your kick misses the hobgoblin.
The orc wizard closely misses you. The hobgoblin barely misses you.
The orc priest hits you but does no damage.
Something hits you but does no damage.
The orc wizard attacks as it pursues you!
The orc wizard hits you but does no damage.
Something hits you but does no damage.
You feel less confused. Something hits you.
* * * LOW HITPOINT WARNING * * *
You hit something. Your kick misses something. Your headbutt misses something.
The orc wizard gestures at you while chanting.
The magic dart hits something.
The orc priest mumbles some strange prayers to Beogh against you.
Pain shoots through your body!
You die...

########### ########
#.........# #......#
..........####......#
....................#
....................#
...............g....#
....###.....[.o{@...#
.............>)o....#
........#...[.).....#
.................####
........#........#######
........#.....#........#
#.......#..............#
#.......#..............#
#........#.............#


You could see an orc priest, an orc wizard and a hobgoblin.

Vanquished Creatures
  A bombardier beetle (D:3)
  2 adders
  2 dart slugs
  A ribbon worm (D:2)
  4 orcs
  5 bats
  5 endoplasms
  3 giant cockroaches
  5 goblins
  3 hobgoblins
  7 kobolds
  3 quokkas
  5 ball pythons
  3 frilled lizards
  4 rats
53 creatures vanquished.

Notes
Turn   | Place    | Note
-------+----------+-------------------------------------------
     0 | D:1      | Griffin23 the Minotaur Berserker began the quest for the
                  | Orb.
     0 | D:1      | Reached XP level 1. HP: 19/19 MP: 0/0
   197 | D:1      | Reached skill level 4 in Long Blades
   197 | D:1      | Reached XP level 2. HP: 25/27 MP: 1/1
   908 | D:2      | Reached XP level 3. HP: 26/33 MP: 2/2
  1074 | D:2      | Reached ** piety under Trog
  1291 | D:2      | Found Esotut's Book Emporium.
  1700 | D:3      | Found a burning altar of Makhleb.
  1771 | D:3      | Found a snail-covered altar of Cheibriados.
  1861 | D:3      | Reached skill level 1 in Unarmed Combat
  1861 | D:3      | Reached XP level 4. HP: 20/40 MP: 3/3
  1862 | D:3      | Gained mutation: You have large cloven feet. [potion of
                  | mutation]
  1862 | D:3      | Gained mutation: You have a pair of large horns on your
                  | head. [potion of mutation]
  1862 | D:3      | Gained mutation: You are covered in fur. (AC +1) [potion of
                  | mutation]
  2663 | D:3      | Found an ancient bone altar of Kikubaaqudgha.
  2723 | D:3      | Reached skill level 1 in Stealth
  2759 | D:3      | Killed from afar by an orc priest

Illustrated notes

Levels and vault maps discovered:
D:1:      minmay_arrival_doors, layout_basic, minmay_misc_feat_hallway,
          minmay_pentomino_w2
D:2:      layout_loops_ring, serial_shops, shop, nicolae_underground_beach
D:3:      layout_basic, nicolae_overflow_hidden_temple, lemuel_doored_altar
D:4:      layout_rooms, grunt_qazlal_sundering, serial_shops, shop,
          corexii_hall_statues_x, chequers_arboretum, minmay_hedge_maze,
          uniq_edmund, uniq_eustachio, uniq_grinder, uniq_menkaure

Skill      XL: |  1  2  3  4 |
---------------+-------------+-----
Long Blades    | 4 |  4.8
Dodging        | 3 |  3.5
Unarmed Combat | 1 |  1.1
Stealth        | 1 |  1.0
Fighting       | |  3.9
Armour         | |  2.9

Action                     |  1- 3 |  4- 6 || total
---------------------------+-------+-------++-------
  Melee: Falchion          |   126 |    18 ||   144
         Headbutt          |    15 |     1 ||    16
         Kick              |       |     3 ||     3
    Use: Scroll            |     2 |       ||     2
         Potion            |       |     3 ||     3
 Armour: Animal skin       |    63 |     5 ||    68
         Chain mail        |       |    34 ||    34
  Dodge: Dodged            |    80 |    22 ||   102

Table legend: (Time is in decaauts)
 A = Elapsed time spent in this place.
 B = Non-inter-level travel time spent in this place.
 C = Inter-level travel time spent in this place.
 D = Time resting spent in this place.
 E = Time spent auto-exploring this place.
 F = Levels seen in this place.
 G = Mean time per level.
                   A        B        C        D        E       F      G
               +--------+--------+--------+--------+--------+-----+--------+
         Total |   2774 |   2691 |     83 |    428 |   1709 |   4 |  693.5 |
       Dungeon |   2774 |   2691 |     83 |    428 |   1709 |   4 |  693.5 |
               +--------+--------+--------+--------+--------+-----+--------+

Top non-repeatable levels by time:
     D:3: 1084 daAuts
     D:1: 890 daAuts
     D:2: 786 daAuts
     D:4: 12 daAuts
